 Dungeon Crawl Stone Soup version 0.31-a0-516-gfcb59812bd (webtiles) character file.

Game seed: 9925027607144358989

1715 AdnanSaban the Basher (level 9, -2/55 HPs)
             Began as a Gargoyle Fighter on Aug 2, 2023.
             Was an Initiate of Okawaru.
             Slain by a troll (4 damage)
             ... on level 7 of the Dungeon on Aug 10, 2023.
             The game lasted 00:09:19 (5958 turns).

AdnanSaban the Basher (Gargoyle Fighter)            Turns: 5958, Time: 00:09:19

Health: -2/55      AC: 20    Str: 30    XL:     9   Next: 4%
Magic:  9/9        EV:  8    Int:  9    God:    Okawaru [......]
Gold:   266        SH:  4    Dex:  9    Spells: 8/8 levels left

rFire   . . .        C - +0 morningstar
rCold   + . .        c - +0 buckler
rNeg    + . .        g - +0 plate armour
rPois   ∞            (no helmet)
rElec   +            (no cloak)
rCorr   .            (no gloves)
SInv    .            D - +0 pair of boots
Will    .....        (no amulet) Stlth
                     m - ring of protection from cold
HPRegen 0.29/turn    q - +6 ring of strength
MPRegen 0.11/turn

%: no passive effects
@: no status effects
A: sickness immunity, AC +6, negative energy resistance 1, electricity
resistance, torment resistance 1, petrification resistance
a: Renounce Religion


You were on level 7 of the Dungeon.
You worshipped Okawaru.
Okawaru was noncommittal.
You visited 2 branches of the dungeon, and saw 8 of its levels.

You collected 266 gold pieces.

Inventory:

Hand Weapons
 C - a +0 morningstar (weapon)
Missiles
 a - 6 atropa-tipped darts
 n - 2 boomerangs
 u - 4 poisoned darts (quivered)
Armour
 c - a +0 buckler (worn)
 g - a +0 plate armour (worn)
 D - a +0 pair of boots (worn)
Jewellery
 m - a ring of protection from cold (left hand)
 q - a +6 ring of strength (right hand)
Wands
 w - a wand of digging (14)
 x - a wand of iceblast (6)
 E - a wand of paralysis (14)
 F - a wand of quicksilver (10)
Scrolls
 b - a scroll of poison {unknown}
 e - 2 scrolls of immolation {unknown}
 h - 3 scrolls of blinking {unknown}
 i - 4 scrolls of teleportation {unknown}
 l - a scroll of amnesia {unknown}
 o - 6 scrolls of identify {unknown}
 r - 4 scrolls of revelation {unknown}
 t - a scroll of torment {unknown}
 y - a scroll of vulnerability {unknown}
Potions
 d - 7 potions of might
 f - a potion of brilliance {unknown}
 j - 3 potions of lignification {unknown}
 k - a potion of mutation {unknown}
 p - a potion of berserk rage {unknown}
 s - 3 potions of degeneration {unknown}
 v - a potion of curing {unknown}
 z - 3 potions of heal wounds {unknown}
 A - a potion of resistance {unknown}
 B - a potion of attraction {unknown}


   Skills:
 + Level 5.9 Fighting
 + Level 8.0 Maces & Flails
 + Level 0.1 Throwing
 + Level 6.3 Armour
 + Level 1.4 Dodging
 + Level 0.4 Stealth
 + Level 5.3 Shields


You had 8 spell levels left.
You didn't know any spells.
Your spell library contained the following spells:

 Spells                   Type           Power      Damage    Failure   Level
 Ignite Poison            Fire/Tmut/Pois 0%         N/A       100%        3
 Inner Flame              Hex/Fire       0%         N/A       100%        3
 Freezing Cloud           Conj/Ice/Air   0%         6-21      100%        5
 Yara's Violent Unravell  Hex/Tmut       0%         3d3       100%        5
 Enfeeble                 Hex            0%         N/A       100%        7
 Cigotuvi's Dreadful Rot  Necr/Pois/Air  Unusable   N/A       N/A         2

Dungeon Overview and Level Annotations

Branches:
Dungeon (7/15)             Temple (1/1) D:6

Altars:
Ashenzari
Cheibriados
Dithmenos
Elyvilon
Fedhas
Gozag
Hepliaklqana
Kikubaaqudgha
Makhleb
Nemelex Xobeh
Okawaru
Qazlal
Ru
Sif Muna
Trog
Uskayaw
Vehumet
Wu Jian
Xom
Yredelemnul
Zin
The Shining One


Innate Abilities, Weirdness & Mutations

You are immune to sickness and miasma.
Your stone body is resilient. (AC +6)
You are immune to poison.
You resist negative energy. (rN+)
You are resistant to electric shocks. (rElec)
You are resistant to unholy torment.
You are immune to petrification.


Message History

The troll claws you but does no damage.
You closely miss the troll.
The troll is heavily wounded.
The troll closely misses you. The troll claws you.
You block the troll's attack.
You closely miss the troll.
The troll is heavily wounded.
The troll barely misses you. The troll claws you!
* * * LOW HITPOINT WARNING * * *
The troll claws you but does no damage.
You hit the troll.
The troll is heavily wounded.
The troll bites you but does no damage. The troll claws you but does no damage.
You block the troll's attack.
You closely miss the troll.
The troll is heavily wounded.
The troll bites you but does no damage. You block the troll's attack. x2
You closely miss the troll.
The troll is heavily wounded.
You block the troll's attack. The troll claws you.
* * * LOW HITPOINT WARNING * * *
The troll claws you but does no damage.
You barely miss the troll.
The troll is heavily wounded.
You block the troll's attack. The troll claws you but does no damage.
The troll completely misses you. The troll bites you but does no damage.
The troll claws you.
* * * LOW HITPOINT WARNING * * *
The troll claws you but does no damage.
You hit the troll.
The troll is heavily wounded.
The troll bites you but does no damage. The troll claws you.
* * * LOW HITPOINT WARNING * * *
The troll claws you but does no damage.
You barely miss the troll.
The troll is heavily wounded.
You block the troll's attack. The troll claws you.
* * * LOW HITPOINT WARNING * * *
The troll claws you.
You die...

#######................#
####..#..........#
#..#..........#
##..#..........#
#..##.........##
#..##.........# .
##.####.......># . #..#
###.....## g #@.#
####.## g ......T..# ###
. ..........# .
..!.......# ...........
...........#
...........#
(...........


You could see a troll.

Vanquished Creatures
  A steam dragon (D:7)
  A sky beast (D:4)
  A water moccasin (D:4)
  2 black bears (D:5)
  An ogre (D:5)
  A centaur (D:5)
  2 phantoms (D:5)
  A bullfrog (D:6)
  4 wights
  A scorpion (D:4)
  A hound (D:5)
  2 jellies
  An orc priest (D:3)
  A gnoll bouda (D:5)
  3 iguanas
  3 orc wizards
  10 gnolls
  8 adders
  A white imp (D:6)
  An ufetubus (D:5)
  A worm (D:4)
  12 orcs
  7 ball pythons
  7 endoplasms
  2 giant cockroaches (D:2)
  4 goblins
  5 hobgoblins
  5 jackals
  11 kobolds
  3 quokkas
  4 bats
  4 frilled lizards
  2 rats (D:3)
113 creatures vanquished.

Notes
Turn   | Place    | Note
-------+----------+-------------------------------------------
     0 | D:1      | AdnanSaban the Gargoyle Fighter began the quest for the
                  | Orb.
     0 | D:1      | Reached XP level 1. HP: 14/14 MP: 1/1
     0 | D:1      | Upgraded the game from 0.31-a0-437-g7cee417757 to
                  | 0.31-a0-516-gfcb59812bd
   109 | D:1      | Reached XP level 2. HP: 7/19 MP: 2/2
   371 | D:2      | Found a glowing silver altar of Zin.
   711 | D:1      | Reached XP level 3. HP: 22/24 MP: 3/3
  1784 | D:2      | Reached XP level 4. HP: 29/29 MP: 4/4
  1938 | D:3      | Found a faded altar of an unknown god.
  2287 | D:3      | Reached skill level 3 in Maces & Flails
  2504 | D:2      | Reached XP level 5. HP: 24/33 MP: 5/5
  2914 | D:4      | Noticed a water moccasin
  2937 | D:4      | Killed a water moccasin
  2938 | D:4      | Reached skill level 4 in Maces & Flails
  2938 | D:4      | Reached XP level 6. HP: 15/38 MP: 6/6
  3353 | D:4      | Noticed a sky beast
  3383 | D:4      | Killed a sky beast
  3715 | D:5      | Entered Level 5 of the Dungeon
  3731 | D:5      | Reached skill level 5 in Maces & Flails
  3731 | D:5      | Reached XP level 7. HP: 37/44 MP: 7/7
  3799 | D:5      | Reached skill level 5 in Armour
  3915 | D:5      | Reached skill level 5 in Fighting
  3915 | D:5      | Reached skill level 6 in Maces & Flails
  3939 | D:5      | Reached XP level 8. HP: 26/49 MP: 8/8
  4195 | D:5      | Reached skill level 5 in Shields
  4203 | D:5      | Found an opulent altar of Gozag.
  4243 | D:5      | Reached skill level 7 in Maces & Flails
  4607 | D:4      | Reached skill level 1 in Dodging
  5114 | D:6      | Found a staircase to the Ecumenical Temple.
  5145 | Temple   | Entered the Ecumenical Temple
  5185 | Temple   | Became a worshipper of Warmaster Okawaru
  5671 | D:7      | Reached skill level 8 in Maces & Flails
  5671 | D:7      | Reached XP level 9. HP: 52/55 MP: 9/9
  5776 | D:7      | Found a bloodstained altar of Trog.
  5936 | D:7      | Noticed a troll
  5957 | D:7      | HP: 2/55 [troll (1)]
  5958 | D:7      | Slain by a troll

Illustrated notes

Levels and vault maps discovered:
D:1:      lightli_arrival_noodles, layout_basic
D:2:      layout_loops_corners, basic_altar, grunt_ministairs_9,
          kennysheep_pointless_box
D:3:      layout_basic, hellmonk_ecumenical_altar_run_dry
D:4:      layout_basic
D:5:      layout_rooms, nicolae_gozag_cash_rules_everything_around_me
D:6:      layout_rooms, temple_statues
D:7:      layout_cave_pods, mainiacjoe_overflow_cross_hatched
Temple:   mainiacjoe_temple_cubbyholes

Skill      XL: |  1  2  3  4  5  6  7  8 |
---------------+-------------------------+-----
Shields        | 4 5 |  5.3
Maces & Flails | 3 4 5 6 8 |  8.0
Armour         | 4 5 6 |  6.3
Fighting       | 4 5 |  5.9
Dodging        | 1 |  1.4
Throwing       | |  0.1
Stealth        | |  0.4

Action                     |  1- 3 |  4- 6 |  7- 9 || total
---------------------------+-------+-------+-------++-------
  Melee: Flail             |   146 |   152 |   133 ||   431
         Morningstar       |       |       |   107 ||   107
  Throw: Boomerang         |     1 |       |       ||     1
         Dart              |       |       |     4 ||     4
 Armour: Plate armour      |   140 |   140 |   252 ||   532
         Scale mail        |     5 |       |       ||     5
  Dodge: Dodged            |    52 |    56 |   103 ||   211
  Block: Buckler           |    40 |    38 |    70 ||   148

Table legend: (Time is in decaauts)
 A = Elapsed time spent in this place.
 B = Non-inter-level travel time spent in this place.
 C = Inter-level travel time spent in this place.
 D = Time resting spent in this place.
 E = Time spent auto-exploring this place.
 F = Levels seen in this place.
 G = Mean time per level.
                   A        B        C        D        E       F      G
               +--------+--------+--------+--------+--------+-----+--------+
         Total |   6074 |   5645 |    429 |    442 |   3821 |   8 |  759.2 |
       Dungeon |   5994 |   5632 |    362 |    442 |   3821 |   7 |  856.3 |
        Temple |     80 |     13 |     67 |      0 |      0 |   1 |   80.0 |
               +--------+--------+--------+--------+--------+-----+--------+

Top non-repeatable levels by time:
     D:2: 1146 daAuts
     D:4: 1077 daAuts
     D:1: 989 daAuts
     D:5: 983 daAuts
     D:3: 889 daAuts
     D:6: 467 daAuts
     D:7: 440 daAuts
  Temple: 80 daAuts
